AoeStats
← Michi3052

MegaRandom

505153645Analyzed
1v1 RM · 25d ago on Sep 8, 2026· 38m 34s· 2 players
Game mode
Random Map
Map size
Tiny (2 player)
Population
200
Speed
Normal
Resources
Standard
Victory
Conquest
Starting age
Dark Age
Ending age
Imperial Age
RankedLock teamsTeams togetherTeam positionsShared explorationLock speedFull tech treeHidden civsTurbo modeCheats
Victory
Defeat
🇨🇦 Jurchens · Canada
609
+18
🇪🇸 Spanish · Spain
659
-18
SAAB0205
9:56 Feudal Age
16:29 Castle Age
17:53 Wheelbarrow
19:07 Double-Bit Axe
19:44 Elite Skirmisher
22:21 Horse Collar
25:47 Fletching
32:27 Imperial Age
31:11 Murder Holes
32:17 Bow Saw
32:26 Heavy Plow
32:33 Bodkin Arrow
34:00 Bracer
35:09 Heavy Rocket Cart
38:11 Chemistry
38:04 Fortified Bastions
Michi3052
7:17 Loom
11:15 Feudal Age
19:35 Castle Age
17:59 Horse Collar
19:45 Fletching
20:03 Padded Archer Armor
22:33 Bodkin Arrow
28:34 Double-Bit Axe
31:44 Wheelbarrow
37:13 Imperial Age
36:21 Leather Archer Armor
37:46 Scale Barding Armor
37:54 Forging
38:08 Hand Cart
37:44 Town Watch
Connection lost

Rejoining the realm…

Still unreachable

The connection could not be restored.

Session expired

The server has moved on; the page needs a fresh start.